 Dungeon Crawl Stone Soup version 0.21-a0-496-g696f58f537 (webtiles) character file.

3931 Kaname the Reanimator (level 10, 36/63 HPs)
             Began as a Demonspawn Venom Mage on Nov 23, 2017.
             Was a Follower of Vehumet.
             Quit the game on level 8 of the Dungeon.
             The game lasted 00:24:29 (8962 turns).

Kaname the Reanimator (Demonspawn Venom Mage)       Turns: 8962, Time: 00:24:30

Health: 36/63      AC:  6    Str:  9    XL:     10   Next: 1%
Magic:  8/16       EV: 19    Int: 24    God:    Vehumet [*.....]
Gold:   522        SH:  5    Dex: 17    Spells: 4/17 levels left

rFire    + . .     SeeInvis .   D - +1 short sword (flame)
rCold    . . .     Gourm    .   a - +0 buckler
rNeg     . . .     Faith    .   E - +2 leather armour "Boxiewes" {rF+ Dex+4}
rPois    .         Spirit   .   (no helmet)
rElec    .         Reflect  .   (no cloak)
rCorr    .         Harm     .   p - +0 pair of gloves
MR       .....                  (boots unavailable)
Stlth    ++........             (no amulet)
HPRegen  0.20/turn              G - +6 ring of evasion
MPRegen  0.15/turn              N - +4 ring of intelligence

@: very slightly contaminated, drained
A: talons 3, repulsion field 1, spiny 2
a: Renounce Religion


You were on level 8 of the Dungeon.
You worshipped Vehumet.
Vehumet was aware of your devotion.
You were very hungry.

You visited 1 branch of the dungeon, and saw 8 of its levels.

You collected 522 gold pieces.

Inventory:

Hand Weapons
 D - a +1 short sword of flaming (weapon)
Missiles
 n - 4 javelins (quivered)
 t - 4 throwing nets
Armour
 a - a +0 buckler (worn)
 p - a +0 pair of gloves (worn)
 E - the +2 leather armour "Boxiewes" (worn) {rF+ Dex+4}
   (You found it on level 8 of the Dungeon)

   It affects your dexterity (+4).
   It protects you from fire.
Jewellery
 z - an uncursed ring of ice {unknown}
 G - a +6 ring of evasion (left hand)
 N - a +4 ring of intelligence (right hand)
Wands
 C - a wand of random effects (33)
 I - a wand of flame (19)
 J - a wand of polymorph (12)
 L - a wand of paralysis (7)
Scrolls
 e - a scroll of fog {unknown}
 f - a scroll of torment {unknown}
 g - 2 scrolls of blinking {unknown}
 h - 3 scrolls of enchant weapon
 i - 4 scrolls of teleportation
 m - 4 scrolls of remove curse
 q - 3 scrolls of fear
 s - 3 scrolls of random uselessness {unknown}
 u - 3 scrolls of immolation {unknown}
 v - a scroll of magic mapping {unknown}
 w - 8 scrolls of amnesia
 y - 3 scrolls of enchant armour
Potions
 b - 4 potions of ambrosia
 d - 2 potions of curing
 j - a potion of resistance
 k - a potion of brilliance {unknown}
 l - 3 potions of heal wounds
 x - 2 potions of cancellation {unknown}
 A - 3 potions of degeneration {unknown}
 F - 2 potions of haste {unknown}
 H - a potion of magic {unknown}
 K - a potion of invisibility {unknown}
Comestibles
 c - 4 bread rations
 o - 11 royal jellies
 r - 8 meat rations


   Skills:
 - Level 1.8(1.3) Short Blades
 - Level 1.7(1.3) Dodging
 - Level 1.7(1.3) Stealth
 + Level 4.4(3.9) Shields
 - Level 4.0(3.5) Spellcasting
 - Level 6.2(5.7) Conjurations
 * Level 8.5(8.0) Necromancy
 - Level 2.2(1.8) Air Magic
 - Level 8.0(7.5) Poison Magic


You had 4 spell levels left.
You knew the following spells:

 Your Spells              Type           Power        Failure   Level  Hunger
b - Mephitic Cloud        Conj/Pois/Air  ####....     5%          3    ###....
c - Olgreb's Toxic Radia  Pois           #####...     6%          4    ####...
d - Venom Bolt            Conj/Pois      #####.....   26%         5    ######.
e - Animate Skeleton      Necr           N/A          1%          1    None


Dungeon Overview and Level Annotations

Branches:
Dungeon (8/15)             Temple (0/1) D:6
   Lair: D:8-11

Altars:
Ashenzari
Fedhas
Gozag
Hepliaklqana
Kikubaaqudgha
Makhleb
Okawaru
Qazlal
Trog
Vehumet
Zin

Shops:
D:5 (


Innate Abilities, Weirdness & Mutations

You have claws for feet.
You are surrounded by a mild repulsion field. (EV +2)
You are mostly covered in sharp spines.


Message History

The big kobold is struck by your spines.
You kill the big kobold!
Vehumet accepts your kill.
You feel your power returning.
Unknown command.
Unknown command.
You feel less confused.
You hit the yak but do no damage. You claw the yak.
The yak is almost dead.
The yak gores you!
All of the chunks of flesh in your inventory have rotted away.
You hit the yak. You burn the yak.
You kill the yak!
Vehumet accepts your kill.
You feel your power returning.
You have reached level 10!
Your demonic ancestry asserts itself...
You begin to radiate repulsive energy.
Unknown command.
Are you sure you want to abandon this character and quit the game? (Confirm with "yes".)

#+###'''##.......#
#.≈P%....#########
#P≈≈..%..#
#≈)P..P%.#
#P≈......#
#PP≈.K.≈.#
#########
#####.#####
#........ #.###.#
#.#######
#.KY@.#######.#
#####.##....(.#
#....)##.##
####..##.# #..##.#
#..##.# #..##.#
...##.#######
#..##<.......


You could see a yak and a big kobold.

Vanquished Creatures
  Erica (D:8)
  Joseph (D:8)
  The ghost of kinazarov the Charmwright, an amateur GnSk (D:4)
  Prince Ribbit (D:6)
  2 dream sheep (D:8)
  Eustachio (D:6)
  A yak (D:8)
  Menkaure (D:5)
  A water moccasin (D:7)
  Duvessa (D:4)
  A necrophage (D:6)
  An ogre (D:4)
  2 phantoms
  A centaur (D:8)
  A big kobold (D:8)
  A bullfrog (D:7)
  2 scorpions
  Dowan (D:4)
  An electric eel (D:7)
  4 howler monkeys
  2 crimson imps (D:6)
  A quasit (D:6)
  2 bullfrog zombies (D:6)
  3 hounds
  A centaur skeleton (D:7)
  A jelly (D:8)
  2 orc priests
  3 orc wizards
  A worker ant (D:4)
  A hound skeleton (D:4)
  7 adders
  4 gnolls (D:8)
  An adder zombie (D:7)
  An adder skeleton (D:6)
  2 worms
  3 dart slugs
  3 leopard geckos
  14 orcs
  3 bats
  4 giant cockroaches
  10 goblins
  12 hobgoblins
  6 jackals
  4 frilled lizards
  A jackal skeleton (D:3)
  9 kobolds
  A quokka skeleton (D:8)
  A quokka zombie (D:4)
  6 rats
135 creatures vanquished.

Vanquished Creatures (others)
  A rat (D:2)
1 creature vanquished.

Grand Total: 136 creatures vanquished

Notes
Turn   | Place    | Note
-------+----------+-------------------------------------------
     0 | D:1      | Kaname the Demonspawn Venom Mage began the quest for the Orb.
     0 | D:1      | Reached XP level 1. HP: 13/13 MP: 3/3
   170 | D:1      | Gained mutation: You are partially covered in sharp spines. [demonic ancestry]
   170 | D:1      | Reached XP level 2. HP: 19/19 MP: 3/5
   951 | D:1      | Reached XP level 3. HP: 16/24 MP: 2/6
  1225 | D:2      | Learned a level 3 spell: Mephitic Cloud
  1472 | D:2      | Gained mutation: You have sharp toenails. [demonic ancestry]
  1472 | D:2      | Reached XP level 4. HP: 18/30 MP: 1/7
  1953 | D:2      | Found an opulent altar of Gozag.
  1953 | D:2      | Found a glowing silver altar of Zin.
  2105 | D:3      | Found a burning altar of Makhleb.
  2112 | D:3      | Reached skill level 5 in Poison Magic
  2886 | D:4      | Noticed a phantom
  2914 | D:4      | Noticed Duvessa
  2914 | D:4      | Noticed Dowan
  2951 | D:4      | Got a bloodstained leather armour
  2962 | D:4      | Identified the +1 leather armour of Tenacity {*Drain rElec Stlth+} (You found it on level 4 of the Dungeon)
  2983 | D:4      | Gained mutation: You have razor-sharp toenails. [demonic ancestry]
  2983 | D:4      | Reached XP level 5. HP: 24/35 MP: 4/8
  3049 | D:4      | Learned a level 4 spell: Olgreb's Toxic Radiance
  3229 | D:4      | Noticed kinazarov's ghost (amateur GnSk)
  3260 | D:4      | Noticed an ogre
  3306 | D:4      | Killed Dowan
  3307 | D:4      | Killed Duvessa
  3307 | D:4      | Gained mutation: You are mostly covered in sharp spines. [demonic ancestry]
  3307 | D:4      | Reached XP level 6. HP: 41/41 MP: 0/9
  3415 | D:4      | Found a radiant altar of Vehumet.
  3417 | D:4      | Gained mutation: You have claws for feet. [demonic ancestry]
  3417 | D:4      | Reached XP level 7. HP: 13/46 MP: 0/10
  3422 | D:4      | Found a hazy altar of Hepliaklqana.
  3424 | D:4      | Became a worshipper of Vehumet
  4038 | D:5      | Entered Level 5 of the Dungeon
  4090 | D:5      | Noticed Menkaure
  4094 | D:5      | Found a shattered altar of Ashenzari.
  4157 | D:5      | Found Tuosuys's Antique Weapon Emporium.
  4224 | D:5      | Killed Menkaure
  4932 | D:5      | Found a shattered altar of Ashenzari.
  4981 | D:5      | Found Tuosuys's Antique Weapon Emporium.
  5598 | D:6      | Found an iron altar of Okawaru.
  5659 | D:6      | Reached skill level 1 in Air Magic
  5777 | D:6      | Noticed Eustachio
  5797 | D:6      | Reached XP level 8. HP: 33/52 MP: 1/12
  5799 | D:6      | Reached * piety under Vehumet
  5799 | D:6      | Offered knowledge of Shock by Vehumet.
  5809 | D:6      | Killed Eustachio
  5984 | D:6      | Noticed Prince Ribbit
  5992 | D:6      | Killed Prince Ribbit
  5992 | D:6      | Reached skill level 5 in Conjurations
  6013 | D:6      | Learned a level 5 spell: Venom Bolt
  6015 | D:6      | Learned a level 1 spell: Animate Skeleton
  6065 | D:6      | Found a staircase to the Ecumenical Temple.
  6304 | D:6      | Reached skill level 1 in Necromancy
  6638 | D:4      | You fall through a shaft!
  6942 | D:4      | Found a radiant altar of Vehumet.
  7119 | D:4      | Found a hazy altar of Hepliaklqana.
  7150 | D:4      | Found a hazy altar of Hepliaklqana.
  7151 | D:4      | Found a radiant altar of Vehumet.
  7212 | D:4      | Killed kinazarov's ghost
  7212 | D:4      | Reached skill level 1 in Short Blades
  7949 | D:7      | Reached XP level 9. HP: 57/57 MP: 11/15
  8154 | D:7      | Reached skill level 1 in Shields
  8155 | D:7      | Found an ancient bone altar of Kikubaaqudgha.
  8177 | D:7      | Found a blossoming altar of Fedhas.
  8178 | D:7      | Found a stormy altar of Qazlal.
  8179 | D:7      | Found a bloodstained altar of Trog.
  8624 | D:8      | Reached skill level 5 in Necromancy
  8675 | D:8      | Noticed Joseph
  8691 | D:8      | Noticed Erica
  8697 | D:8      | Killed Erica
  8700 | D:8      | Killed Joseph
  8767 | D:8      | Got a pitted leather armour
  8778 | D:8      | Identified the +2 leather armour "Boxiewes" {rF+ Dex+4} (You found it on level 8 of the Dungeon)
  8954 | D:8      | Offered knowledge of Throw Frost by Vehumet.
  8961 | D:8      | Gained mutation: You are surrounded by a mild repulsion field. (EV +2) [demonic ancestry]
  8961 | D:8      | Reached XP level 10. HP: 36/63 MP: 8/16
  8962 | D:8      | Quit the game

Vault maps used:
D:1:      minmay_arrival_stone_box, serial_forest,
          infiniplex_forest_clump_diagonal, infiniplex_forest_join,
          infiniplex_forest_fountain, infiniplex_forest_corner_1,
          infiniplex_forest_clump_medium, nrook_mini_vaults
D:2:      grunt_temple_overflow_gold_and_silver, grunt_ministairs_7,
          minmay_pentomino_w2
D:3:      first_bread, makhleb_blood_cavern_becter
D:4:      corexii_shack_village, grunt_temple_overflow_open, uniq_duvessa
D:5:      ashenzari_altar_1, serial_shops, shop, uniq_menkaure
D:6:      overflow_temple_1_default, minmay_temple_entry_mist, uniq_eustachio,
          uniq_prince_ribbit1
D:7:      minitemple, nrook_pool_corridor
D:8:      nicolae_overflow_crystal_walls, hangedman_ranch, uniq_joseph,
          uniq_erica

Skill      XL: |  1  2  3  4  5  6  7  8  9 |
---------------+----------------------------+-----
Conjurations   | 2 4 6 |  6.2
Poison Magic   | 4 5 7 8 |  8.0
Air Magic      | 2 |  2.2
Spellcasting   | 4 |  4.0
Necromancy     | 3 8 |  8.5
Short Blades   | 1 |  1.8
Shields        | 4 |  4.4
Dodging        | |  1.7
Stealth        | |  1.7

Action                   |  1- 3 |  4- 6 |  7- 9 | 10-12 || total
-------------------------+-------+-------+-------+-------++-------
Melee: Unarmed           |    26 |       |       |       ||    26
       Short sword       |    40 |    73 |   174 |       ||   287
       Kick              |       |    19 |    34 |       ||    53
 Cast: Sting             |    46 |    54 |    17 |       ||   117
       Mephitic Cloud    |       |     2 |     2 |       ||     4
       Olgreb's Toxic Ra |       |       |    17 |       ||    17
       Animate Skeleton  |       |       |     1 |       ||     1
Evoke: Wand              |       |     4 |    22 |       ||    26
  Use: Scroll            |       |     7 |     4 |       ||    11
       Potion            |       |       |     2 |       ||     2
 Stab: Sleeping          |     2 |     3 |     3 |       ||     8
       Confused          |       |     2 |     3 |       ||     5
       Paralysed         |       |       |     8 |       ||     8
  Eat: Chunk             |     2 |     7 |    10 |       ||    19
       Fruit             |       |       |     2 |       ||     2
       Bread ration      |       |       |     2 |       ||     2
Armor: Robe              |    12 |     2 |       |       ||    14
       Leather armour    |       |     6 |    31 |       ||    37
Dodge: Dodged            |    48 |    41 |   135 |       ||   224
Block: Buckler           |       |       |     5 |       ||     5

Table legend:
 A = Spawn XP
 B = Non-spawn XP
 C = Spawn XP percentage of total XP
 D = Spawn monster count
 E = Non-spawn monster count
 F = Spawn count percentage of total count
 G = Total turns spent on level
                    A         B        C        D         E        F      G
               +---------+---------+-------+---------+---------+-------+---------
         Total |       0 |    5617 |   0.0 |       0 |     136 |   0.0 |  8962
               +---------+---------+-------+---------+---------+-------+---------
           D:1 |       0 |      44 |   0.0 |       0 |      22 |   0.0 |   983
           D:2 |       0 |      75 |   0.0 |       0 |      22 |   0.0 |  1056
           D:3 |       0 |      63 |   0.0 |       0 |      12 |   0.0 |   934
           D:4 |       0 |    1065 |   0.0 |       0 |      33 |   0.0 |  2387
           D:5 |       0 |     165 |   0.0 |       0 |       1 |   0.0 |  1560
           D:6 |       0 |    1227 |   0.0 |       0 |      21 |   0.0 |   904
           D:7 |       0 |     430 |   0.0 |       0 |       9 |   0.0 |   629
           D:8 |       0 |    2548 |   0.0 |       0 |      16 |   0.0 |   509
               +---------+---------+-------+---------+---------+-------+---------
